 Dungeon Crawl Stone Soup version 0.27-a0-686-gaed091b46b (webtiles) character file.

Game seed: 17376148877706434045

43 Allula97 the Skirmisher (level 3, -1/29 HPs)
             Began as a Demonspawn Monk on Mar 21, 2021.
             Slain by a jackal (3 damage)
             ... on level 2 of the Dungeon.
             The game lasted 00:02:10 (1600 turns).

Allula97 the Skirmisher (Demonspawn Monk)           Turns: 1600, Time: 00:02:11

Health: -1/29      AC:  6    Str: 12    XL:     3   Next: 37%
Magic:  3/3        EV:  9    Int: 11    God:
Gold:   48         SH:  0    Dex: 15    Spells: 2/2 levels left

rFire    . . .     SeeInvis .   a - +0 falchion
rCold    . . .     Faith    .   (no shield)
rNeg     . . .     Spirit   .   c - +0 scale mail
rPois    .         Reflect  .   (no helmet)
rElec    .         Harm     .   (no cloak)
rCorr    .         Rampage  .   (no gloves)
Will     .....                  (no boots)
Stlth    +.........             (no amulet)
HPRegen  0.09/turn              (no ring)
MPRegen  0.08/turn              (no ring)

@: no status effects
A: ignite blood 1
a: no special abilities


You were on level 2 of the Dungeon.
You visited 1 branch of the dungeon, and saw 2 of its levels.

You collected 48 gold pieces.

Inventory:

Hand Weapons
 a - a +0 falchion (weapon)
Armour
 b - a +0 robe
 c - a +0 scale mail (worn)


   Skills:
 * Level 3.3 Fighting
 * Level 3.2 Long Blades
 * Level 0.6 Armour
 * Level 2.9 Dodging
 * Level 2.0 Stealth
 * Level 0.2 Spellcasting


You had 2 spell levels left.
You didn't know any spells.
Your spell library was empty.

Dungeon Overview and Level Annotations

Branches:
Dungeon (2/15)

Altars:

Shops:
D:1 :


Innate Abilities, Weirdness & Mutations

Your demonic aura sometimes causes spilled blood to erupt in flames


Message History

The jackal bites you but does no damage.
You closely miss the jackal. The jackal bites you.
You barely miss the jackal. The jackal barely misses you. x2
You closely miss the jackal. The jackal bites you.
The jackal bites you but does no damage.
You hit the jackal.
The jackal is severely wounded.
The jackal bites you.
You hit the jackal.
You kill the jackal!
The quokka bites you but does no damage.
You closely miss the quokka. The quokka closely misses you.
You hit the quokka but do no damage. The quokka bites you. x2
* * * LOW HITPOINT WARNING * * *
You closely miss the quokka. The quokka bites you.
* * * LOW HITPOINT WARNING * * *
You hit the quokka but do no damage. The quokka barely misses you.
Your scale mail prevents you from hitting the quokka.
The quokka bites you but does no damage.
The quokka misses you.
You barely miss the quokka. The quokka misses you.
You riposte.
Your scale mail prevents you from hitting the quokka.
You hit the quokka.
The quokka is almost dead.
The quokka bites you but does no damage.
You hit the quokka.
You kill the quokka!
The jackal barely misses you.
You closely miss the jackal.
The jackal bites you but does no damage. x2
You closely miss the jackal. The jackal bites you.
* * * LOW HITPOINT WARNING * * *
You miss the jackal. The jackal bites you.
* * * LOW HITPOINT WARNING * * *
The jackal bites you.
* * * LOW HITPOINT WARNING * * *
You hit the jackal.
The jackal is almost dead.
The jackal bites you.
You die...

.... ..... ...... .
..... ... ...#
.....######...#.##
......$@hh....#...
.########......#####
#..............#
#....h)........#
#.....##.......#
#..............#
...................#
.....##...........[#
..... #......<.....#


You could see 2 jackals.

Vanquished Creatures
  A dart slug (D:1)
  2 ball pythons (D:1)
  7 bats (D:1)
  2 giant cockroaches (D:1)
  3 hobgoblins
  5 jackals
  3 quokkas
  4 frilled lizards (D:1)
  2 goblins (D:1)
  3 kobolds (D:1)
  6 rats (D:1)
38 creatures vanquished.

Notes
Turn   | Place    | Note
-------+----------+-------------------------------------------
     0 | D:1      | Allula97 the Demonspawn Monk began the quest for the Orb.
     0 | D:1      | Reached XP level 1. HP: 18/18 MP: 1/1
   187 | D:1      | Gained mutation: Your demonic aura sometimes causes spilled
                  | blood to erupt in flames [demonic ancestry]
   187 | D:1      | Reached XP level 2. HP: 7/24 MP: 2/2
   890 | D:1      | Reached XP level 3. HP: 21/29 MP: 3/3
  1055 | D:1      | Found Kemulec's Book Boutique.
  1600 | D:2      | Slain by a jackal

Illustrated notes

Levels and vault maps discovered:
D:1:      dpeg_arrival_water_fire, layout_basic, serial_shops,
          nicolae_shop_temple_entry_statues_fountains
D:2:      layout_basic, roderic_lattice_a

Skill      XL: |  1  2 |
---------------+-------+-----
Long Blades    | 3 |  3.2
Stealth        | 2 |  2.0
Fighting       | |  3.3
Armour         | |  0.6
Dodging        | |  2.9
Spellcasting   | |  0.2

Action                   || total
-------------------------++-------
Melee: Falchion          ||   114
Armor: Scale mail        ||    90
Dodge: Dodged            ||    94
       Rpst.: Falchion   ||    29

Table legend: (Time is in decaauts)
 A = Elapsed time spent in this place.
 B = Non-inter-level travel time spent in this place.
 C = Inter-level travel time spent in this place.
 D = Time resting spent in this place.
 E = Time spent auto-exploring this place.
 F = Levels seen in this place.
 G = Mean time per level.
                   A        B        C        D        E       F      G
               +--------+--------+--------+--------+--------+-----+--------+
         Total |   1617 |   1593 |     24 |      0 |   1264 |   2 |  808.5 |
       Dungeon |   1617 |   1593 |     24 |      0 |   1264 |   2 |  808.5 |
               +--------+--------+--------+--------+--------+-----+--------+

Top non-repeatable levels by time:
     D:1: 1552 daAuts
     D:2: 64 daAuts
